 Dungeon Crawl Stone Soup version 0.31-a0-971-g75a2e9a4b4 (webtiles) character file.

Game seed: 11762310698937323647

15161 lessens the Nimble (level 12, -2/94 HPs)
             Began as a Gnoll Gladiator on Oct 28, 2023.
             Was a High Priest of Fedhas.
             Slain by a dire elephant (8 damage)
             ... on level 1 of the Lair of Beasts on Oct 29, 2023.
             The game lasted 00:22:40 (16015 turns).

lessens the Nimble (Gnoll Gladiator)               Turns: 16015, Time: 00:22:41

Health: -2/94      AC: 14    Str: 18    XL:     12   Next: 24%
Magic:  0/22       EV: 18    Int:  8    God:    Fedhas [*****.]
Gold:   1165       SH:  6    Dex: 14    Spells: 25/25 levels left

rFire   . . .        b - +0 dagger (venom)
rCold   . . .        I - +0 buckler
rNeg    + . .        n - +1 scale mail {Will+}
rPois   .            c - +0 helmet
rElec   .            M - +0 cloak
rCorr   .            W - +0 pair of gloves
SInv    .            o - +0 pair of boots
Will    +....        y - amulet of guardian spirit
Stlth   ++           i - +5 ring of evasion
HPRegen 0.35/turn    O - ring of positive energy
MPRegen 0.18/turn

%: guardian spirit
@: hasted, very quick
A: fangs 1, strong nose, distributed training
a: Renounce Religion, Wall of Briars, Grow Ballistomycete, Overgrow, Grow Oklob


You were on level 1 of the Lair of Beasts.
You worshipped Fedhas.
Fedhas was extremely pleased with you.
You visited 2 branches of the dungeon, and saw 12 of its levels.
You also visited: Ossuary.

You collected 1165 gold pieces.

Inventory:

Hand Weapons
 a - a +0 war axe
 b - a +0 dagger of venom (weapon)
 V - a +2 dire flail of protection
 X - the +3 shortbow of Ybid {drain, rElec Dex+3}
   (You found it on level 11 of the Dungeon)

   Dex+3:     It affects your dexterity (+3).
   rElec:     It insulates you from electricity.
Missiles
 d - a throwing net
 e - a javelin
 f - 11 boomerangs
 g - 59 stones
 l - 12 poisoned darts (quivered)
Armour
 c - a +0 helmet (worn)
 n - a +1 scale mail of willpower (worn)
 o - a +0 pair of boots (worn)
 I - a +0 buckler (worn)
 M - a +0 cloak (worn)
 Q - a +0 leather armour
 S - +0 steam dragon scales
 W - a +0 pair of gloves (worn)
 Y - +0 acid dragon scales
Jewellery
 i - a +5 ring of evasion (left hand)
 y - an amulet of guardian spirit (around neck)
 O - a ring of positive energy (right hand)
 T - an amulet of the acrobat
 Z - a ring of ice
Wands
 G - a wand of flame (45)
 L - a wand of paralysis (2)
 P - a wand of digging (7)
Scrolls
 h - a scroll of acquirement {unknown}
 m - 6 scrolls of teleportation
 r - 2 scrolls of blinking
 t - 3 scrolls of poison
 u - a scroll of enchant armour {unknown}
 v - a scroll of revelation {unknown}
 A - a scroll of torment {unknown}
 D - 4 scrolls of enchant weapon
 E - 2 scrolls of fear
 H - a scroll of vulnerability {unknown}
 J - 2 scrolls of fog
 N - 2 scrolls of amnesia
 R - 2 scrolls of butterflies {unknown}
 U - 3 scrolls of identify
Potions
 j - 6 potions of curing
 k - 2 potions of resistance
 p - a potion of cancellation {unknown}
 q - 3 potions of magic
 s - 2 potions of heal wounds
 w - 2 potions of enlightenment
 x - 3 potions of attraction
 z - 2 potions of mutation
 B - 3 potions of lignification
 C - a potion of brilliance
 K - a potion of berserk rage {unknown}


   Skills:
 + Level 8.6 Fighting
 + Level 7.2 Short Blades
 + Level 7.2 Long Blades
 + Level 9.8 Axes
 + Level 7.2 Maces & Flails
 + Level 7.2 Polearms
 + Level 7.2 Staves
 + Level 7.2 Ranged Weapons
 + Level 8.6 Throwing
 + Level 7.2 Armour
 + Level 9.8 Dodging
 + Level 7.2 Stealth
 + Level 7.2 Shields
 + Level 7.2 Unarmed Combat
 + Level 7.2 Spellcasting
 + Level 6.0 Conjurations
 + Level 6.0 Hexes
 + Level 6.0 Summonings
 + Level 6.0 Necromancy
 + Level 6.0 Translocations
 + Level 6.0 Transmutations
 + Level 6.0 Fire Magic
 + Level 6.0 Ice Magic
 + Level 6.0 Air Magic
 + Level 6.0 Earth Magic
 + Level 6.0 Poison Magic
 + Level 7.9 Invocations
 + Level 7.2 Evocations
 + Level 6.6 Shapeshifting


You had 25 spell levels left.
You didn't know any spells.
Your spell library contained the following spells:

 Spells                   Type           Power      Damage    Failure   Level
 Magic Dart               Conj           48%        1d5       6%          1
 Shock                    Conj/Air       48%        1d6       6%          1
 Summon Small Mammal      Summ           48%        N/A       6%          1
 Call Imp                 Summ           24%        N/A       9%          2
 Cigotuvi's Dreadful Rot  Necr/Pois/Air  24%        N/A       9%          2
 Lesser Beckoning         Tloc           24%        N/A       9%          2
 Wereblood                Tmut           12%        N/A       9%          2
 Call Canine Familiar     Summ           12%        N/A       19%         3
 Gell's Gravitas          Tloc           12%        N/A       19%         3
 Ignite Poison            Fire/Tmut/Pois 12%        N/A       19%         3
 Mephitic Cloud           Conj/Pois/Air  12%        N/A       19%         3
 Sigil of Binding         Hex            12%        N/A       19%         3
 Summon Guardian Golem    Hex/Summ       12%        N/A       19%         3
 Swiftness                Air            12%        N/A       19%         3
 Teleport Other           Tloc           12%        N/A       19%         3
 Airstrike                Air            6%         2d(1-17)  52%         4
 Dimensional Bullseye     Hex/Tloc       6%         N/A       52%         4
 Leda's Liquefaction      Hex/Erth       6%         N/A       52%         4
 Fireball                 Conj/Fire      6%         3d5       86%         5
 Freezing Cloud           Conj/Ice/Air   6%         6-21      86%         5
 Summon Forest            Summ/Tloc      6%         N/A       86%         5
 Summon Mana Viper        Hex/Summ       12%        N/A       86%         5
 Summon Cactus Giant      Summ           6%         N/A       100%        6
 Orb of Destruction       Conj           6%         9d6       100%        7


Dungeon Overview and Level Annotations

Branches:
Dungeon (11/15) Zot: 24620  Temple (0/1) D:7            Lair (1/5) D:8 Zot: 5764
    Orc (0/2) D:10        Ossuary (visited)

Altars:
Elyvilon
Fedhas
Gozag
Hepliaklqana
Makhleb
Nemelex Xobeh
Okawaru
Qazlal
Sif Muna
Vehumet
Xom
Zin

Annotations:
D:4 1 runed translucent door, Crazy Yiuf


Innate Abilities, Weirdness & Mutations

You have very sharp teeth.
Your uncanny sense of smell can sniff out nearby items.
Your experience applies equally to all skills.


Message History

The dire elephant tramples you!!
You stumble backwards!
The dire elephant attacks as it pursues you!
The dire elephant barely misses you. You block the dire elephant's attack.
Okay, then.
You can't wield that with only one hand.
Okay, then.
There is an open door here.
The dire elephant attacks as it pursues you!
You block the dire elephant's attack. The dire elephant trunk-slaps you!
You hit the dire elephant but do no damage.
The dire elephant looks as sick as possible!
The dire elephant is lightly wounded.
You hit the dire elephant.
The dire elephant looks as sick as possible!
The dire elephant is moderately wounded.
The dire elephant completely misses you.
The dire elephant barely misses you.
You hit the dire elephant but do no damage.
The dire elephant looks as sick as possible!
The dire elephant is moderately wounded.
You hit the dire elephant but do no damage.
The dire elephant looks as sick as possible!
The dire elephant is moderately wounded.
The dire elephant tramples you!!
* * * LOW HITPOINT WARNING * * *
You stumble backwards!
You hit the dire elephant but do no damage.
The dire elephant is moderately wounded.
The dire elephant tramples you!!
* * * LOW HITPOINT WARNING * * *
You stumble backwards!
You hit the dire elephant.
The dire elephant looks as sick as possible!
The dire elephant is moderately wounded.
The dire elephant tramples you.
* * * LOW HITPOINT WARNING * * *
You hold your ground!
You block the dire elephant's attack.
You feel yourself speed up. The dire elephant tramples you!
You die...
Fedhas appreciates your contribution to the ecosystem.

##'##.##...########.##....#..#
#.#####...P######..##....#...
##'####..<.P#.......#.....P...
#....###............#.†...+...
#......'...##.......##....# ..
#'##.###....#.......#.....+...
#.######..÷####.###P##........
#+#P##.#...##..#######....##.#
...............Y@.............
..............................
..............................
..............................
........................######
.#.###.#..................∆
... ...#..^.##..#..P#...#.. ..
...#....##.###.##...#..


You could see a dire elephant (extremely poisoned).

Vanquished Creatures
  A centaur warrior (D:10)
  3 two-headed ogres (D:11)
  Lodul (D:10)
  Pikel (D:5)
  A cyclops (D:11)
  A manticore (D:11)
  Maurice (D:8)
  A cane toad (Lair:1)
  An unseen horror (D:11)
  A troll (D:10)
  A komodo dragon (D:11)
  2 hornets
  A vampire (D:11)
  2 shadows
  A wyvern (D:7)
  A basilisk (Lair:1)
  2 steam dragons (D:9)
  4 vampire mosquitoes
  Menkaure (D:4)
  3 acid dragons
  4 water moccasins
  A swamp drake (D:10)
  3 orc warriors
  3 black bears
  7 ice beasts
  A boggart (D:11)
  14 ogres
  A phantom (D:6)
  4 centaurs
  A lemure (D:6)
  A kobold brigand (D:10)
  An elf zombie (Ossuary)
  Blork the orc (D:4)
  7 bullfrogs
  A scorpion (D:5)
  A gnoll sergeant (D:6)
  3 wights (D:10)
  3 jellies
  6 killer bees (D:9)
  5 howler monkeys
  A centaur zombie (Ossuary)
  2 human zombies (Ossuary)
  A gnoll bouda (D:5)
  5 hounds
  8 orc priests
  Terence (D:2)
  5 iguanas
  14 orc wizards
  A hound zombie (Ossuary)
  3 mummies (Ossuary)
  Robin (D:4)
  10 adders
  4 gnolls (D:6)
  3 shadow imps
  2 white imps (D:7)
  3 ufetubi
  3 adder zombies (Ossuary)
  2 worms (D:3)
  4 dart slugs
  33 orcs
  4 bats
  6 endoplasms
  4 giant cockroaches
  A gnoll zombie (Ossuary)
  17 goblins
  12 hobgoblins
  2 jackals (D:4)
  A quokka (D:5)
  4 ball pythons
  8 frilled lizards
  7 goblin zombies (Ossuary)
  3 hobgoblin zombies (Ossuary)
  4 jackal zombies (Ossuary)
  10 kobolds
  6 kobold zombies (Ossuary)
  2 orc zombies (Ossuary)
  2 quokka zombies (Ossuary)
  5 rats
  3 rat zombies (Ossuary)
305 creatures vanquished.

Vanquished Creatures (collateral kills)
  Fannar (D:11)
  A wraith (D:9)
  6 killer bees (D:9)
  An orc priest (D:9)
  2 orc wizards (D:9)
11 creatures vanquished.

Vanquished Creatures (others)
  A sleepcap (D:6)
  2 orc wizards (D:8)
  An orc (D:10)
4 creatures vanquished.

Grand Total: 320 creatures vanquished

Notes
Turn   | Place    | Note
-------+----------+-------------------------------------------
     0 | D:1      | lessens the Gnoll Gladiator began the quest for the Orb.
     0 | D:1      | Reached XP level 1. HP: 20/20 MP: 1/1
    68 | D:1      | Reached XP level 2. HP: 26/26 MP: 2/2
   683 | D:1      | Reached XP level 3. HP: 31/31 MP: 3/3
  1187 | D:2      | Reached skill level 1 in Invocations
  1290 | D:2      | Noticed Terence
  1298 | D:2      | Killed Terence
  1299 | D:2      | Reached skill level 1 in Short Blades
  1299 | D:2      | Reached skill level 1 in Long Blades
  1299 | D:2      | Reached skill level 1 in Maces & Flails
  1299 | D:2      | Reached skill level 1 in Polearms
  1299 | D:2      | Reached skill level 1 in Staves
  1299 | D:2      | Reached skill level 1 in Ranged Weapons
  1299 | D:2      | Reached skill level 1 in Armour
  1299 | D:2      | Reached skill level 1 in Stealth
  1299 | D:2      | Reached skill level 1 in Shields
  1299 | D:2      | Reached skill level 1 in Unarmed Combat
  1299 | D:2      | Reached skill level 1 in Spellcasting
  1299 | D:2      | Reached skill level 1 in Evocations
  1299 | D:2      | Reached skill level 1 in Shapeshifting
  1299 | D:2      | Reached XP level 4. HP: 37/38 MP: 5/5
  1579 | D:2      | Reached skill level 1 in Conjurations
  1579 | D:2      | Reached skill level 1 in Hexes
  1579 | D:2      | Reached skill level 1 in Summonings
  1579 | D:2      | Reached skill level 1 in Necromancy
  1579 | D:2      | Reached skill level 1 in Translocations
  1579 | D:2      | Reached skill level 1 in Transmutations
  1579 | D:2      | Reached skill level 1 in Fire Magic
  1579 | D:2      | Reached skill level 1 in Ice Magic
  1579 | D:2      | Reached skill level 1 in Air Magic
  1579 | D:2      | Reached skill level 1 in Earth Magic
  1579 | D:2      | Reached skill level 1 in Poison Magic
  2149 | D:3      | Reached XP level 5. HP: 38/43 MP: 6/6
  2435 | D:3      | Found a blossoming altar of Fedhas.
  2485 | D:3      | Became a worshipper of Fedhas Madash
  2680 | D:4      | Noticed Blork the orc
  2693 | D:4      | Killed Blork the orc
  2866 | D:4      | Found an iron altar of Okawaru.
  2956 | D:4      | Found a shimmering altar of Xom.
  2957 | D:4      | Found a hazy altar of Hepliaklqana.
  2958 | D:4      | Noticed a spectral ugly thing
  3042 | D:4      | Noticed Robin
  3062 | D:4      | Reached * piety under Fedhas
  3077 | D:4      | Killed Robin
  3078 | D:4      | Reached XP level 6. HP: 45/50 MP: 5/8
  3167 | D:4      | Noticed Menkaure
  3184 | D:4      | Killed Menkaure
  3185 | D:4      | Reached skill level 5 in Fighting
  3185 | D:4      | Reached skill level 5 in Throwing
  3379 | D:4      | Reached XP level 7. HP: 38/56 MP: 5/10
  3848 | D:4      | Found a burning altar of Makhleb.
  3924 | D:4      | Found a runed translucent door.
  3925 | D:4      | Noticed Crazy Yiuf
  3953 | D:5      | Entered Level 5 of the Dungeon
  4101 | D:5      | Found a sand-covered staircase.
  4105 | Ossuary  | Entered an ossuary
  4136 | Ossuary  | Reached ** piety under Fedhas
  4335 | Ossuary  | Reached XP level 8. HP: 63/63 MP: 12/12
  4696 | D:5      | Noticed Pikel
  4714 | D:5      | Killed Pikel
  4714 | D:5      | Reached *** piety under Fedhas
  4950 | D:5      | Reached XP level 9. HP: 20/69 MP: 4/14
  5600 | D:5      | Found a white marble altar of Elyvilon.
  6196 | D:6      | Noticed Grinder
  6197 | D:6      | Grinder changed into Grinder the lemure
  6197 | D:6      | Noticed Grinder
  6212 | D:6      | Killed Grinder the lemure
  6458 | D:6      | Reached **** piety under Fedhas
  6462 | D:6      | Reached skill level 5 in Invocations
  7209 | D:6      | Reached XP level 10. HP: 64/77 MP: 13/17
  7298 | D:6      | Reached skill level 5 in Short Blades
  7298 | D:6      | Reached skill level 5 in Long Blades
  7298 | D:6      | Reached skill level 5 in Maces & Flails
  7298 | D:6      | Reached skill level 5 in Polearms
  7298 | D:6      | Reached skill level 5 in Staves
  7298 | D:6      | Reached skill level 5 in Ranged Weapons
  7298 | D:6      | Reached skill level 5 in Armour
  7298 | D:6      | Reached skill level 5 in Stealth
  7298 | D:6      | Reached skill level 5 in Shields
  7298 | D:6      | Reached skill level 5 in Unarmed Combat
  7298 | D:6      | Reached skill level 5 in Spellcasting
  7298 | D:6      | Reached skill level 5 in Evocations
  8014 | D:7      | Found a sparkling altar of Nemelex Xobeh.
  8326 | D:7      | Found a staircase to the Ecumenical Temple.
  8917 | D:8      | Noticed Maurice
  8924 | D:8      | Reached ***** piety under Fedhas
  8930 | D:8      | Something stole a ring of positive energy
  8960 | D:8      | Something stole a javelin
  8964 | D:8      | Something stole 305 gold
  9140 | D:8      | Something stole 4 gold
  9252 | D:8      | Killed Maurice
  9340 | D:8      | Found a staircase to the Lair.
  9414 | D:8      | Reached skill level 5 in Shapeshifting
 10496 | D:9      | Found a stormy altar of Qazlal.
 10973 | D:9      | Found a shimmering blue altar of Sif Muna.
 11000 | D:9      | Reached XP level 11. HP: 75/84 MP: 17/19
 11326 | D:9      | Identified the +4 ring mail of the Lily {*Slow rN+ Str+5}
 11458 | D:10     | Identified the "Kehuquof"
 11458 | D:10     | Entered Level 10 of the Dungeon
 11614 | D:10     | Noticed Lodul
 11620 | D:10     | Reached skill level 5 in Conjurations
 11620 | D:10     | Reached skill level 5 in Hexes
 11620 | D:10     | Reached skill level 5 in Summonings
 11620 | D:10     | Reached skill level 5 in Necromancy
 11620 | D:10     | Reached skill level 5 in Translocations
 11620 | D:10     | Reached skill level 5 in Transmutations
 11620 | D:10     | Reached skill level 5 in Fire Magic
 11620 | D:10     | Reached skill level 5 in Ice Magic
 11620 | D:10     | Reached skill level 5 in Air Magic
 11620 | D:10     | Reached skill level 5 in Earth Magic
 11620 | D:10     | Reached skill level 5 in Poison Magic
 11628 | D:10     | Killed Lodul
 12400 | D:10     | Noticed a centaur warrior
 12423 | D:10     | Killed a centaur warrior
 13100 | D:10     | Found a radiant altar of Vehumet.
 13155 | D:10     | Found a glowing silver altar of Zin.
 13156 | D:10     | Found an opulent altar of Gozag.
 13233 | D:10     | Found a staircase to the Orcish Mines.
 13661 | D:11     | Noticed a cyclops
 13666 | D:11     | Killed a cyclops
 13669 | D:11     | Identified the +3 shortbow of Ybid {drain, rElec Dex+3}
 13675 | D:11     | Noticed a two-headed ogre
 13692 | D:11     | Killed a two-headed ogre
 14064 | D:11     | Noticed a two-headed ogre
 14101 | D:11     | Killed a two-headed ogre
 14667 | D:11     | Noticed a two-headed ogre
 14707 | D:11     | Killed a two-headed ogre
 14708 | D:11     | Reached XP level 12. HP: 94/94 MP: 22/22
 14937 | D:11     | Noticed Fannar
 14948 | D:11     | Killed Fannar
 15180 | D:11     | HP: 2/94 [manticore (6)]
 15473 | D:11     | Noticed a centaur warrior
 15474 | D:11     | Noticed a four-headed hydra
 15475 | D:11     | Noticed an ice dragon
 15556 | D:14     | Identified the "Ynea"
 15556 | Lair:1   | Entered Level 1 of the Lair of Beasts
 15969 | Lair:1   | Noticed a dire elephant
 15973 | Lair:1   | Noticed a catoblepas
 16015 | Lair:1   | Slain by a dire elephant

Illustrated notes

Levels and vault maps discovered:
D:1:      mushboom_english_gardens, layout_basic, chequers_jeans,
          nrook_loot_triangle
D:2:      layout_loops_ring, serial_forest, infiniplex_forest_lined_1,
          infiniplex_forest_lined_room_3, infiniplex_forest_lined_3,
          infiniplex_forest_clump_tiny, uniq_terence
D:3:      layout_rooms, old_standard_altar
D:4:      layout_basic, regret_index_temple_of_mockery, okawaru_metal_pillars_3,
          makhleb_heckhound_becter, uniq_blork_the_orc, uniq_menkaure,
          uniq_crazy_yiuf_cottage, uniq_robin
D:5:      minmay_clustersquares, layout_basic, nicolae_elyvilon_peaceful_grove,
          nicolae_ossuary_entry_plus, uniq_pikel
D:6:      wad_guarded_room, layout_basic, hangedman_abyss_or_decor_slice,
          uniq_grinder
D:7:      layout_loops_ring, nemelex_diamond_rough_becter,
          minmay_temple_entry_trees
D:8:      layout_loops_ring, lair_entry_dummy, uniq_maurice
D:9:      layout_roguey, amcnicky_altar_gilded, kennysheep_mini
D:10:     layout_roguey, grunt_temple_overflow_gold_and_silver,
          overflow_temple_1_default, erik_orc_1, uniq_lodul
D:11:     wad_statue_garden, layout_grid_maze, hex_medium, uniq_fannar
Lair:1:   layout_regular_city, nicolae_lair_grazing_beasts
          [nicolae_sub_lair_graze_edge, nicolae_sub_lair_graze_edge,
          nicolae_sub_lair_graze_edge, nicolae_sub_lair_graze_edge], uniq_harold

Skill      XL: |  1  2  3  4  5  6  7  8  9 10 11 12 |
---------------+-------------------------------------+-----
Invocations    | 1 2 3 4 5 6 7 |  7.9
Short Blades   | 1 2 3 4 5 6 7 |  7.2
Long Blades    | 1 2 3 4 5 6 7 |  7.2
Maces & Flails | 1 2 3 4 5 6 7 |  7.2
Polearms       | 1 2 3 4 5 6 7 |  7.2
Staves         | 1 2 3 4 5 6 7 |  7.2
Ranged Weapons | 1 2 3 4 5 6 7 |  7.2
Armour         | 1 2 3 4 5 6 7 |  7.2
Stealth        | 1 2 3 4 5 6 7 |  7.2
Shields        | 1 2 3 4 5 6 7 |  7.2
Unarmed Combat | 1 2 3 4 5 6 7 |  7.2
Spellcasting   | 1 2 3 4 5 6 7 |  7.2
Evocations     | 1 2 3 4 5 6 7 |  7.2
Shapeshifting  | 1 2 3 4 5 6 |  6.6
Conjurations   | 1 2 3 4 5 6 |  6.0
Hexes          | 1 2 3 4 5 6 |  6.0
Summonings     | 1 2 3 4 5 6 |  6.0
Necromancy     | 1 2 3 4 5 6 |  6.0
Translocations | 1 2 3 4 5 6 |  6.0
Transmutations | 1 2 3 4 5 6 |  6.0
Fire Magic     | 1 2 3 4 5 6 |  6.0
Ice Magic      | 1 2 3 4 5 6 |  6.0
Air Magic      | 1 2 3 4 5 6 |  6.0
Earth Magic    | 1 2 3 4 5 6 |  6.0
Poison Magic   | 1 2 3 4 5 6 |  6.0
Fighting       | 5 6 7 8 |  8.6
Throwing       | 5 6 7 8 |  8.6
Axes           | 7 8 9 |  9.8
Dodging        | 7 8 9 |  9.8

Action                     |  1- 3 |  4- 6 |  7- 9 | 10-12 || total
---------------------------+-------+-------+-------+-------++-------
  Melee: War axe           |    69 |   139 |   481 |   467 ||  1156
         Bite              |     5 |    14 |    57 |    96 ||   172
         Punch             |     1 |     1 |    19 |       ||    21
         Dagger            |       |       |       |   285 ||   285
  Throw: Dart              |       |       |     8 |    16 ||    24
         Throwing net      |       |       |     3 |       ||     3
 Invoke: Overgrow          |       |       |       |     1 ||     1
         Grow Oklob        |       |       |       |     1 ||     1
  Evoke: Wand              |       |       |     1 |    20 ||    21
    Use: Potion            |       |     2 |       |     3 ||     5
         Scroll            |       |       |     2 |    16 ||    18
   Stab: Sleeping          |     2 |       |       |     6 ||     8
         Held in net/web   |       |       |     2 |       ||     2
         Paralysed         |       |       |       |    30 ||    30
         Confused          |       |       |       |     1 ||     1
         Distracted        |       |       |       |     1 ||     1
 Armour: Leather armour    |    25 |       |       |       ||    25
         Scale mail        |       |   104 |   411 |   530 ||  1045
  Dodge: Dodged            |    34 |   110 |   364 |   519 ||  1027
  Block: Buckler           |       |       |       |   185 ||   185

Table legend: (Time is in decaauts)
 A = Elapsed time spent in this place.
 B = Non-inter-level travel time spent in this place.
 C = Inter-level travel time spent in this place.
 D = Time resting spent in this place.
 E = Time spent auto-exploring this place.
 F = Levels seen in this place.
 G = Mean time per level.
                   A        B        C        D        E       F      G
               +--------+--------+--------+--------+--------+-----+--------+
         Total |  16069 |  15476 |    593 |   1261 |  11363 |  13 | 1236.1 |
       Dungeon |  15360 |  14767 |    593 |   1261 |  10972 |  11 | 1396.4 |
          Lair |    234 |    234 |      0 |      0 |    124 |   1 |  234.0 |
       Ossuary |    474 |    474 |      0 |      0 |    266 |   1 |  474.0 |
               +--------+--------+--------+--------+--------+-----+--------+

Top non-repeatable levels by time:
    D:11: 2111 daAuts
     D:5: 2047 daAuts
    D:10: 1931 daAuts
     D:6: 1580 daAuts
     D:8: 1318 daAuts
     D:4: 1286 daAuts
     D:9: 1232 daAuts
     D:7: 1147 daAuts
     D:2: 1036 daAuts
     D:1: 1001 daAuts
     D:3: 665 daAuts
 Ossuary: 474 daAuts
  Lair:1: 234 daAuts

Levels and vault maps discovered:
D:1:      mushboom_english_gardens, layout_basic, chequers_jeans,
          nrook_loot_triangle
D:2:      layout_loops_ring, serial_forest, infiniplex_forest_lined_1,
          infiniplex_forest_lined_room_3, infiniplex_forest_lined_3,
          infiniplex_forest_clump_tiny, uniq_terence
D:3:      layout_rooms, old_standard_altar
D:4:      layout_basic, regret_index_temple_of_mockery, okawaru_metal_pillars_3,
          makhleb_heckhound_becter, uniq_blork_the_orc, uniq_menkaure,
          uniq_crazy_yiuf_cottage, uniq_robin
D:5:      minmay_clustersquares, layout_basic, nicolae_elyvilon_peaceful_grove,
          nicolae_ossuary_entry_plus, uniq_pikel
D:6:      wad_guarded_room, layout_basic, hangedman_abyss_or_decor_slice,
          uniq_grinder
D:7:      layout_loops_ring, nemelex_diamond_rough_becter,
          minmay_temple_entry_trees
D:8:      layout_loops_ring, lair_entry_dummy, uniq_maurice
D:9:      layout_roguey, amcnicky_altar_gilded, kennysheep_mini
D:10:     layout_roguey, grunt_temple_overflow_gold_and_silver,
          overflow_temple_1_default, erik_orc_1, uniq_lodul
D:11:     wad_statue_garden, layout_grid_maze, hex_medium, uniq_fannar
Lair:1:   layout_regular_city, nicolae_lair_grazing_beasts
          [nicolae_sub_lair_graze_edge, nicolae_sub_lair_graze_edge,
          nicolae_sub_lair_graze_edge, nicolae_sub_lair_graze_edge], uniq_harold
